Map: 亚历山大港 - 天梯版

Players

SortOf - Winner!

  • Race: Zerg Zerg

Time (Oliveira)

  • Race: Terran Terran

Event: WESG 2018 Grand Finals

VOD

Have the link to the VOD?

Description

Time

  • Played on: March 12, 2019, 9 a.m.
  • Length: 15:11

All games in this series

Show
View Real Time Build Order
Export as new Build Order

SortOf Zerg - Winner!

Build Orders: Hatch First, Brood Lord Corruptor 

Get SALT Encoding   

  12  0:00  Drone  
  13  0:12  Overlord  
  13  0:19  Drone  
  14  0:31  Drone x2  
  16  0:49  Hatchery  
  15  0:53  Drone  
  15  0:56  Drone  
  17  1:00  Drone  
  18  1:11  Extractor  
  18  1:16  Spawning Pool  
  18  1:18  Drone  
  17  1:23  Drone  
  18  1:28  Drone  
  19  1:39  Drone  
  20  1:50  Drone  
  21  2:03  Queen x2  
  21  2:04  Zergling x2  
  21  2:05  Zergling x2  
  27  2:19  Hatchery  
  27  2:22  Overlord  
  26  2:25  Drone  
  26  2:28  Drone  
  28  2:39  Metabolic Boost  
  28  2:42  Drone  
  28  2:43  Drone x2  
  31  2:51  Queen  
  31  2:54  Overlord  
  33  3:00  Drone x2  
  33  3:02  Drone  
  36  3:12  Drone  
  37  3:15  Queen  
  37  3:16  Drone x2  
  41  3:20  Overlord  
  41  3:24  Drone x2  
  43  3:29  Drone  
  43  3:31  Queen  
  46  3:37  Zergling x6  
  49  3:43  Drone x2  
  49  3:48  Drone  
  52  3:49  Overlord  
  52  3:52  Drone x3  
  55  3:57  Queen  
  55  4:10  Drone x2  
  55  4:11  Drone x5  
  55  4:13  Lair  
  55  4:17  Overlord  
  62  4:18  Drone  
  63  4:24  Baneling Nest, Extractor  
  63  4:25  Drone  
  63  4:29  Zergling x6  
  63  4:30  Spore Crawler  
  63  4:32  Spore Crawler  
  63  4:35  Spore Crawler  
  63  4:36  Drone x2  
  63  4:39  Drone x2  
  65  4:51  Overlord  
  65  4:53  Evolution Chamber x2  
  65  4:55  Overlord, Drone x2  
  65  4:56  Overlord  
  65  5:01  Extractor  
  64  5:09  Drone  
  64  5:10  Queen, Extractor  
  64  5:11  Drone x7  
  73  5:15  Zergling x6  
  73  5:18  Baneling  
  73  5:19  Centrifical Hooks  
  76  5:21  Overseer  
  76  5:25  Drone x3  
  79  5:34  Overseer, Drone x3  
  82  5:36  Drone x3  
  82  5:42  Zerg Ground Armor Level 1  
  85  5:43  Drone x3  
  85  5:45  Extractor  
  85  5:46  Extractor  
  85  5:48  Overlord  
  86  5:52  Drone x2  
  88  5:57  Zerg Melee Weapons Level 1  
  88  5:59  Overlord, Zergling x4  
  88  6:00  Hydralisk Den  
  89  6:07  Hatchery  
  89  6:08  Drone x2  
  90  6:12  Zergling x2  
  90  6:13  Zergling x6  
  90  6:15  Overlord  
  94  6:22  Overlord  
  94  6:23  Overlord x2  
  94  6:24  Zergling x4  
  96  6:26  Baneling x3  
  96  6:27  Baneling x2  
  96  6:31  Muscular Augments  
  96  6:32  Zergling x6  
  99  6:38  Zergling x2  
  99  6:39  Zergling x8  
  104  6:45  Hydralisk x2  
  108  6:52  Hydralisk x2  
  108  6:53  Baneling x2  
  109  6:55  Drone x5  
  109  7:01  Drone x3  
  117  7:02  Overlord  
  117  7:03  Overlord  
  117  7:07  Overlord  
  117  7:10  Overlord  
  117  7:15  Overlord  
  116  7:19  Hydralisk x3  
  121  7:26  Infestation Pit  
  120  7:34  Drone  
  120  7:35  Drone x8  
  126  7:48  Overlord, Extractor  
  126  7:50  Hydralisk  
  126  7:51  Hydralisk x6  
  127  7:54  Zerg Ground Armor Level 2  
  127  7:57  Zerg Melee Weapons Level 2  
  139  8:06  Hive  
  139  8:07  Hatchery  
  139  8:10  Zergling x2  
  139  8:11  Zergling x16  
  140  8:15  Grooved Spines  
  140  8:18  Baneling x8  
  140  8:25  Zergling x16  
  140  8:26  Zergling x2  
  149  8:31  Overlord  
  149  8:34  Spore Crawler  
  148  8:48  Zergling x2  
  148  8:49  Zergling x32  
  165  9:00  Drone x2  
  165  9:03  Overlord  
  165  9:04  Spire  
  165  9:08  Baneling x5  
  163  9:18  Hydralisk x11  
  184  9:24  Adrenal Glands  
  184  9:25  Viper  
  184  9:27  Viper, Overseer  
  190  9:34  Drone x3  
  193  9:38  Extractor  
  191  9:49  Zergling x18  
  190  10:02  Extractor  
  190  10:06  Overseer, Spore Crawler  
  188  10:07  Spine Crawler x2  
  186  10:14  Baneling x21  
  186  10:17  Zergling x22  
  196  10:40  Zergling x18  
  196  10:41  Zergling x12  
  196  10:42  Zergling x4  
  167  10:48  Hydralisk x2  
  153  10:58  Zerg Ground Armor Level 3, Greater Spire, Zerg Melee Weapons Level 3  
  153  11:00  Hatchery  
  153  11:02  Viper x2  
  158  11:06  Baneling x13  
  158  11:16  Drone x3  
  158  11:17  Drone x3  
  160  11:24  Corruptor x3  
  166  11:29  Pneumatized Carapace  
  165  11:53  Corruptor x6  
  166  11:55  Zergling x14  
  181  12:11  Overlord  
  181  12:13  Pathogen Glands  
  181  12:14  Brood Lord, Zerg Flyer Weapons Level 1  
  183  12:17  Zergling x12  
  183  12:18  Zergling x10  
  193  12:29  Brood Lord  
  197  12:30  Brood Lord  
  197  12:31  Zergling x4  
  198  12:44  Brood Lord  
  198  12:45  Brood Lord x2  
  199  12:56  Brood Lord  
  195  13:00  Brood Lord  
  197  13:08  Baneling x3  
  197  13:09  Brood Lord  
  197  13:12  Zergling x26  
  200  13:24  Extractor  
  200  13:26  Hatchery  
  198  13:29  Extractor  
  196  13:35  Zergling x2  
  196  13:36  Zergling x10  
  197  13:44  Drone, Corruptor x4  
  193  13:50  Zergling x2  
  193  13:53  Corruptor x3  
  200  13:59  Baneling x10  
  200  14:03  Spine Crawler  
  200  14:05  Spine Crawler x2  
  197  14:15  Baneling x15  
  195  14:33  Corruptor x2  
  187  14:39  Zergling x24  
  187  14:45  Overlord  
Show
View Real Time Build Order
Export as new Build Order

Time Terran 

Build Orders: Gas First Reaper Expand, Hellion Opening 

Get SALT Encoding   

  12  0:00  SCV  
  13  0:13  SCV  
  14  0:18  Supply Depot  
  14  0:25  SCV  
  15  0:29  Refinery  
  15  0:39  SCV  
  16  0:46  Barracks  
  16  0:51  SCV  
  17  1:03  SCV  
  18  1:16  SCV  
  19  1:33  Reaper, Orbital Command  
  20  1:45  Command Center  
  20  1:56  Factory  
  20  2:00  SCV  
  21  2:09  Barracks Reactor  
  21  2:12  SCV  
  22  2:15  Supply Depot  
  22  2:24  SCV  
  23  2:37  SCV  
  24  2:45  Command Center  
  24  2:49  SCV  
  25  2:55  Hellion  
  29  2:58  Hellion  
  29  3:05  Orbital Command  
  29  3:09  SCV  
  30  3:16  Hellion  
  34  3:20  Hellion, Barracks Tech Lab  
  34  3:22  SCV  
  35  3:31  SCV  
  36  3:34  SCV  
  36  3:38  Hellion  
  36  3:39  Supply Depot  
  41  3:41  Hellion  
  41  3:43  Stimpack  
  41  3:45  SCV  
  41  3:46  Marine  
  41  3:48  SCV  
  44  3:57  Orbital Command, SCV  
  44  4:02  SCV  
  45  4:04  Marine  
  45  4:09  SCV  
  43  4:14  SCV  
  40  4:17  Barracks  
  40  4:18  Factory Reactor  
  40  4:20  Barracks  
  40  4:21  SCV  
  40  4:22  Marine  
  40  4:23  SCV  
  43  4:28  Engineering Bay  
  43  4:29  Engineering Bay  
  43  4:30  Refinery  
  43  4:34  SCV x2  
  43  4:38  Refinery  
  45  4:39  Marine  
  45  4:41  SCV  
  47  4:46  SCV  
  47  4:47  SCV  
  47  4:49  Supply Depot  
  49  4:53  SCV  
  49  4:55  Terran Infantry Weapons Level 1, Terran Infantry Armor Level 1  
  49  4:57  Marine  
  49  4:58  SCV  
  49  4:59  SCV  
  53  5:03  Starport  
  53  5:04  Marine x2  
  56  5:10  SCV  
  56  5:11  Factory Reactor  
  56  5:12  SCV  
  56  5:13  Refinery  
  56  5:14  Marine, Orbital Command, Supply Depot  
  57  5:15  Marine x2  
  60  5:22  Marine x2, SCV  
  60  5:24  SCV  
  64  5:32  Marine  
  64  5:33  Marine  
  64  5:35  Marine, SCV  
  67  5:36  Supply Depot, SCV  
  67  5:39  SCV  
  67  5:40  Marine  
  71  5:43  Marine  
  71  5:46  Combat Shield  
  71  5:47  SCV  
  71  5:48  SCV  
  74  5:50  Marine  
  74  5:51  Marine, SCV  
  74  5:52  Medivac, Factory Tech Lab  
  74  5:53  Medivac  
  74  5:55  Marine  
  82  5:59  SCV, Supply Depot  
  82  6:00  SCV  
  82  6:01  Marine x2  
  82  6:03  SCV, Supply Depot  
  87  6:08  Marine x2  
  87  6:11  SCV  
  90  6:12  Marine, SCV  
  90  6:15  SCV  
  93  6:18  Barracks  
  93  6:20  Barracks, Siege Tank  
  93  6:24  SCV  
  97  6:25  Armory, Supply Depot  
  97  6:30  Marine  
  97  6:32  Marine x3, SCV  
  99  6:34  Marine  
  99  6:36  Medivac x2, SCV  
  108  6:42  SCV  
  109  6:47  Marine  
  109  6:48  Supply Depot  
  109  6:50  Marine  
  109  6:51  Marine  
  112  6:55  Siege Tank  
  112  6:57  Barracks  
  112  6:58  Barracks  
  112  6:59  Barracks, Marine  
  112  7:00  Marine, Supply Depot  
  117  7:10  Barracks Reactor x2, Marine  
  117  7:12  Supply Depot  
  118  7:17  Marine  
  118  7:18  Marine  
  118  7:19  Medivac, Marine x2  
  118  7:20  Medivac  
  125  7:24  Terran Infantry Weapons Level 2  
  125  7:25  SCV x2  
  125  7:26  Refinery  
  125  7:28  Marine  
  128  7:32  Siege Tank  
  128  7:35  Marine x2, Supply Depot  
  133  7:37  Marine  
  133  7:40  Marine  
  124  7:46  Marine x3  
  124  7:47  Marine x2  
  124  7:48  Barracks Tech Lab x2  
  130  7:53  Barracks Reactor, Marine  
  130  7:57  Marine x2  
  132  7:58  Barracks Tech Lab  
  132  8:01  Marine  
  132  8:02  Supply Depot  
  132  8:03  Command Center  
  132  8:04  Marine x2, Siege Tank  
  132  8:05  Marine x2  
  139  8:13  Marine, Supply Depot x2  
  139  8:16  Marauder  
  139  8:18  Concussive Shells  
  139  8:19  Marauder  
  144  8:21  Marine x2  
  146  8:28  Marine  
  146  8:29  Marauder, Marine  
  146  8:33  Supply Depot  
  146  8:34  Terran Infantry Armor Level 2  
  150  8:35  Marine  
  150  8:37  Sensor Tower  
  150  8:41  Marauder, Marine x4  
  152  8:42  Marine  
  158  8:51  Marauder, Marine x3  
  158  8:52  Supply Depot  
  158  8:53  Liberator  
  158  8:54  Liberator  
  163  8:58  Siege Tank  
  163  9:01  Marauder, Marine  
  163  9:02  Marine x2  
  167  9:04  Marine  
  167  9:07  Marine  
  167  9:08  Marine x2  
  172  9:12  Marine  
  172  9:14  Marine x2  
  183  9:17  Marauder  
  183  9:18  Marine  
  183  9:21  Marine  
  183  9:23  Marauder  
  186  9:29  Marine x3  
  186  9:30  Marauder  
  186  9:31  Siege Tank  
  194  9:33  Marauder  
  194  9:35  Marine x3  
  199  9:40  Planetary Fortress  
  185  9:48  Marine x3  
  185  9:49  Marauder x2  
  185  9:51  Marauder  
  186  9:53  Marine x2  
  186  9:54  Marauder  
  186  9:55  Marine  
  191  10:00  Marine  
  191  10:03  Terran Vehicle And Ship Armor Level 1, Siege Tank  
  195  10:08  SCV x3  
  195  10:12  Terran Infantry Weapons Level 3  
  198  10:20  Marine x2  
  196  10:40  Marine  
  196  10:41  Marauder, Marine, Siege Tank  
  196  10:42  Medivac x2  
  139  10:49  Marauder, Marine x2  
  115  10:51  Marine x4  
  115  10:52  Marauder x2  
  115  10:54  SCV x3  
  115  10:55  SCV  
  124  10:58  Marine x2  
  124  11:03  Marauder  
  126  11:07  Marine  
  126  11:08  Marine  
  126  11:09  Marine  
  126  11:11  Marauder  
  131  11:12  Marine x3  
  131  11:17  Marine x2  
  138  11:22  Siege Tank  
  138  11:25  Medivac x2, Marine x2  
  143  11:29  Marine x2  
  149  11:38  Marine x3  
  149  11:39  Marauder, Marine x2  
  155  11:43  Marauder  
  155  11:44  Marine  
  155  11:46  Marine  
  161  11:54  Siege Tank, Command Center  
  160  11:55  Marine  
  160  11:57  Marine x3  
  160  11:58  Marauder  
  160  11:59  Marine  
  166  12:04  Terran Infantry Armor Level 3  
  166  12:05  Marine x2  
  167  12:09  Medivac  
  167  12:12  Medivac, Marine  
  167  12:13  Marine  
  170  12:22  Marine x2  
  169  12:23  Marauder  
  169  12:24  Marauder, Marine  
  169  12:25  Marine x2  
  169  12:28  Marine x2  
  176  12:36  Marine  
  177  12:37  Marauder, Marine  
  177  12:40  Marine  
  177  12:41  Siege Tank  
  182  12:45  Marine  
  182  12:46  Marauder  
  182  12:48  Marine  
  182  12:49  Marauder, Marine x2  
  181  13:00  Marauder, Marine  
  181  13:02  SCV x2  
  181  13:04  Marine  
  181  13:05  Marauder, Marine  
  187  13:13  Siege Tank  
  187  13:15  Sensor Tower, Marine  
  187  13:16  Ghost Academy  
  187  13:18  Marine x2  
  187  13:19  Marauder  
  195  13:23  Marine  
  195  13:24  Marauder  
  182  13:37  Marine  
  182  13:38  Viking x2  
  182  13:41  Marine  
  173  13:45  Marine  
  140  13:48  Marine  
  140  13:50  Marine  
  140  13:51  Marine x3  
  140  13:54  Marine x2  
  133  14:04  Ghost x2  
  133  14:06  Marine  
  133  14:07  Viking  
  133  14:08  Viking  
  142  14:10  Marine  
  142  14:11  Ghost  
  141  14:18  Ghost  
  141  14:19  Marine x2  
  145  14:29  Marine  
  145  14:30  Marine  
  145  14:33  Marine  
  145  14:34  Marine x2  
  145  14:36  SCV x2  
  145  14:37  Viking  
  145  14:38  Marine x2, Viking  
  135  14:42  Marine  
  135  14:45  Marine x2  
Tags
 
Add a new tag
Caveats
  • Supply blocks, unpowered buildings, or Contaminate may cause inaccurate times.
  • Supply counts are checked every 10 seconds.